 Dungeon Crawl Stone Soup version 0.28-a0-233-gb8ca4b6547 (webtiles) character file.

Game seed: 6322258630108395036

299654 jhs the Hoplite (level 20, 0/204 HPs)
             Began as a Minotaur Fighter on Aug 22, 2021.
             Was the Champion of Okawaru.
             Killed from afar by a deep elf annihilator (42 damage)
             ... with an iron shot
             ... on level 3 of the Elven Halls.
             The game lasted 02:19:17 (54369 turns).

jhs the Hoplite (Minotaur Fighter)                 Turns: 54369, Time: 02:19:17

Health: 0/204      AC: 29    Str: 21    XL:     20   Next: 15%
Magic:  0/19       EV:  8    Int:  9    God:    Okawaru [******]
Gold:   5506       SH: 28    Dex: 17    Spells: 19/19 levels left

rFire   + . .      SeeInvis +   W - +8 trident of Fury {vorpal, *Noise rF- rC++ Will+++}
rCold   + + .      Faith    .   L - +4 tower shield {AC+3}
rNeg    + + .      Spirit   +   Q - +0 plate armour of Xemum {rElec rPois rN++ Str-3}
rPois   +          Reflect  .   (helmet restricted)
rElec   +          Harm     .   x - +0 cloak of Okawaru's Castigation {Int+6 Stlth+}
rCorr   .          Rampage  .   u - +2 pair of gloves
Will    +++++                   C - +0 pair of boots of the Amoeba {rF++ Int-4 Dex+3}
Stlth   ..........              k - amulet of guardian spirit
HPRegen 0.44/turn               h - ring of the Peasants {Will+ SInv}
MPRegen 0.16/turn               f - +4 ring of slaying

@: studying Ice Magic
A: horns 2, retaliatory headbutt
}: 2/15 runes: decaying, serpentine
a: Renounce Religion, Heroism, Finesse, Duel


You were on level 3 of the Elven Halls.
You worshipped Okawaru.
Okawaru was exalted by your worship.
You visited 7 branches of the dungeon, and saw 35 of its levels.
You also visited: Ossuary, Ice Cave and Wizlab.

You collected 6157 gold pieces.
You spent 651 gold pieces at shops.

Inventory:

Hand Weapons
 W - the +8 trident of Fury (weapon) {vorpal, *Noise rF- rC++ Will+++}
   (Okawaru gifted it to you in a wizard's laboratory)

   It inflicts extra damage upon your enemies.
   rF:        It makes you vulnerable to fire.
   rC:        It greatly protects you from cold.
   *Noise:    It may make noises in combat.
   Will:      It greatly increases your willpower.
Missiles
 d - a throwing net
 m - 6 atropa-tipped darts
 K - 7 datura-tipped darts
 S - 5 curare-tipped darts (quivered)
Armour
 u - a +2 pair of gloves (worn)
 x - the +0 cloak of Okawaru's Castigation (worn) {Int+6 Stlth+}
   (Okawaru gifted it to you on level 6 of the Lair of Beasts)

   Int:       It affects your intelligence (+6).
   Stlth:     It makes you more stealthy.
 C - the +0 pair of boots of the Amoeba (worn) {rF++ Int-4 Dex+3}
   (You found it on level 6 of the Dungeon)

   Int:       It affects your intelligence (-4).
   Dex:       It affects your dexterity (+3).
   rF:        It greatly protects you from fire.
 L - a +4 tower shield of protection (worn)
 Q - the +0 plate armour of Xemum (worn) {rElec rPois rN++ Str-3}
   (You found it on level 2 of the Swamp)

   Str:       It affects your strength (-3).
   rElec:     It insulates you from electricity.
   rPois:     It protects you from poison.
   rN:        It greatly protects you from negative energy.
Jewellery
 f - a +4 ring of slaying (right hand)
 h - the ring of the Peasants (left hand) {Will+ SInv}
   (You took it off a deep elf archer on level 3 of the Elven Halls)

   [ring of willpower]

   SInv:      It lets you see invisible.
   Will:      It increases your willpower.
 i - a ring of see invisible
 k - an amulet of guardian spirit (around neck)
 U - a ring of flight
 V - a +6 ring of strength
 X - a ring of protection from fire
Wands
 r - a wand of mindburst (30)
 w - a wand of acid (4)
 z - a wand of flame (46)
 B - a wand of paralysis (10)
 I - a wand of polymorph (36)
 O - a wand of digging (9)
 R - a wand of iceblast (28)
Scrolls
 b - 4 scrolls of torment
 c - a scroll of brand weapon
 o - 7 scrolls of amnesia
 q - 2 scrolls of enchant weapon
 v - 7 scrolls of immolation
 y - 4 scrolls of fear
 A - 10 scrolls of teleportation
 G - 2 scrolls of silence
 H - 2 scrolls of summoning
 M - 5 scrolls of fog
 N - a scroll of holy word
 P - 4 scrolls of magic mapping
 Y - 16 scrolls of identify
 Z - 2 scrolls of enchant armour
Potions
 a - 6 potions of lignification
 e - 9 potions of flight
 g - 7 potions of haste
 j - 3 potions of invisibility
 l - 4 potions of ambrosia
 n - 5 potions of mutation
 p - 15 potions of curing
 s - 4 potions of cancellation
 t - 4 potions of heal wounds
 E - 5 potions of resistance
 F - 7 potions of attraction
 J - 2 potions of berserk rage
 T - 5 potions of might


   Skills:
 - Level 23.2 Fighting
 - Level 14.0 Polearms
 + Level 19.0 Armour
 + Level 24.7 Shields


You had 19 spell levels left.
You didn't know any spells.
Your spell library contained the following spells:

 Spells                   Type           Power      Damage    Failure   Level
 Apportation              Tloc           0%         N/A       97%         1
 Corona                   Hex            0%         N/A       97%         1
 Pain                     Necr           0%         1d4       97%         1
 Corpse Rot               Necr/Air       N/A        N/A       99%         2
 Ensorcelled Hibernation  Hex/Ice        0%         N/A       99%         2
 Poisonous Vapours        Pois/Air       0%         N/A       99%         2
 Sublimation of Blood     Necr           0%         N/A       99%         2
 Conjure Flame            Conj/Fire      0%         6-21      100%        3
 Dazzling Flash           Conj/Hex       0%         N/A       100%        3
 Ignite Poison            Fire/Tmut/Pois 0%         N/A       100%        3
 Mephitic Cloud           Conj/Pois/Air  0%         N/A       100%        3
 Ozocubu's Armour         Ice            0%         N/A       100%        3
 Portal Projectile        Hex/Tloc       0%         N/A       100%        3
 Spider Form              Tmut/Pois      0%         N/A       100%        3
 Stone Arrow              Conj/Erth      0%         3d7       100%        3
 Vampiric Draining        Necr           0%         2d6       100%        3
 Airstrike                Air            0%         N/A       100%        4
 Iskenderun's Mystic Bla  Conj/Tloc      0%         2d3       100%        4
 Leda's Liquefaction      Hex/Erth       0%         N/A       100%        4
 Passage of Golubria      Tloc           N/A        N/A       100%        4
 Petrify                  Tmut/Erth      0%         N/A       100%        4
 Sticky Flame             Conj/Fire      0%         2d3       100%        4
 Agony                    Necr           0%         N/A       100%        5
 Alistair's Intoxication  Tmut/Pois      0%         N/A       100%        5
 Bolt of Magma            Conj/Fire/Erth 0%         4d4       100%        5
 Freezing Cloud           Conj/Ice/Air   0%         6-21      100%        5
 Irradiate                Conj/Tmut      0%         3d13      100%        5
 Lightning Bolt           Conj/Air       0%         1d11      100%        5
 Metabolic Englaciation   Hex/Ice        0%         N/A       100%        5
 Silence                  Hex/Air        0%         N/A       100%        5
 Eringya's Noxious Bog    Tmut/Pois      0%         N/A       100%        6
 Invisibility             Hex            0%         N/A       100%        6
 Starburst                Conj/Fire      0%         6d3       100%        6
 Lehudib's Crystal Spear  Conj/Erth      0%         10d2      100%        8
 Shatter                  Erth           0%         3d5*      100%        9
 Animate Skeleton         Necr           Unusable   N/A       N/A         1
 Summon Small Mammal      Summ           Unusable   N/A       N/A         1
 Call Canine Familiar     Summ           Unusable   N/A       N/A         3
 Summon Lightning Spire   Summ/Air       Unusable   N/A       N/A         4
 Summon Forest            Summ/Tloc      Unusable   N/A       N/A         5
 Shadow Creatures         Summ           Unusable   N/A       N/A         6
 Simulacrum               Ice/Necr       Unusable   N/A       N/A         6
 Summon Hydra             Summ           Unusable   N/A       N/A         7

Dungeon Overview and Level Annotations

Branches:
Dungeon (15/15)            Temple (1/1) D:5            Lair (6/6) D:11
  Swamp (4/4) Lair:4        Snake (4/4) Lair:2          Orc (2/2) D:9
    Elf (3/3) Orc:2        Vaults (0/5) D:14         Depths (0/5) D:15
Ossuary (visited)           IceCv (visited)          WizLab (visited)
  Slime: Lair:5-6

Altars:
Ashenzari
Cheibriados
Elyvilon
Fedhas
Gozag
Kikubaaqudgha
Nemelex Xobeh
Okawaru
Qazlal
Ru
Sif Muna
Trog
Uskayaw
Vehumet
Xom
Yredelemnul
The Shining One

Shops:
D:4 *   D:6 (   D:12 =   D:13 (*=   Orc:2 [*([(   Elf:3 *   Snake:1 (
Snake:3 *?!?(

Annotations:
D:2 1 runed translucent door, Crazy Yiuf
D:12 8 runed translucent doors
Lair:6 2 runed translucent doors
Swamp:4 2 transporters, Iruic's ghost, adept OgFi
Elf:2 1 runed translucent door


Innate Abilities, Weirdness & Mutations

You have a pair of horns on your head.
You reflexively headbutt those who attack you in melee.


Message History

You feel sick.
The deep elf annihilator hits you with a +2 long sword of holy wrath!
You see here the +2 dagger of Compulsion {speed, +Rage rN+}.
You gain the combat prowess of a mighty hero.
You feel sick.
You block the deep elf annihilator's attack.
You puncture the deep elf annihilator! You headbutt the deep elf annihilator!
The deep elf annihilator is moderately wounded.
You feel sick.
The deep elf annihilator points at you and mumbles some strange words.
The crystal spear hits you!!!
* * * LOW HITPOINT WARNING * * *
You puncture the deep elf annihilator!
Your trident of Fury makes a popping sound.
The deep elf annihilator is heavily wounded.
You hear a shout! x3
You hit the deep elf annihilator.
The deep elf annihilator is heavily wounded.
You feel sick.
The deep elf annihilator barely misses you.
You closely miss the deep elf annihilator.
Your headbutt misses the deep elf annihilator.
The deep elf annihilator is heavily wounded.
You block the deep elf annihilator's attack.
You feel much better.
You feel sick.
The deep elf annihilator mumbles some strange words.
The deep elf annihilator blinks!
You feel sick.
You are no longer poisoned.
The deep elf annihilator drinks a potion.
The deep elf annihilator is healed!
The deep elf annihilator mumbles some strange words.
The deep elf annihilator blinks!
A deep elf annihilator comes into view. It is wielding a +0 long sword.
You feel like a meek peon again.
The deep elf annihilator casts a spell.
The deep elf annihilator blinks!
The deep elf annihilator points at you and mumbles some strange words.
The iron shot hits you!!!
You die...

###..........#
...####.......#
.....#####...#
........#...#
.......#...#
......#...#
#e...##...#
#....#....#
#....#.@#.# #.
##..)##..#.#
#....####....#..#..#
#.......)....#e.#..#
##........(....##)##
.#.............#).#
.#......###...)...#
)#...####...#....##
e#####.....##....#


You could see a deep elf annihilator.

Vanquished Creatures
  An ancient lich (WizLab)
  Mara (Swamp:4)
  the Lernaean hydra (Swamp:4)
  A shard shrike (IceCv)
  Rupert (D:15)
  Jorgrun (D:15)
  Asterion (Snake:1)
  2 deep elf blademasters
  Mlioglotl (Swamp:2)
  A tentacled monstrosity (Swamp:4)
  2 deep elf master archers (Elf:3)
  An ancient champion (WizLab)
  Agnes (Elf:1)
  Kirke (Swamp:2)
  13 nagarajas
  Louise (D:15)
  Aizul (Snake:1)
  7 deep elf sorcerers
  A stone giant (D:15)
  4 deep elf demonologists (Elf:3)
  Nessos (D:15)
  8 deep elf annihilators
  Azrael (D:15)
  A white draconian (IceCv)
  2 bunyips
  Snorg (D:10)
  The ghost of Afosmoedd the Thaumaturge, a journeyman DrCj of Vehumet (D:13)
  An eleionoma (Swamp:1)
  3 deep elf death magi (Elf:3)
  Josephine (D:10)
  4 deep elf high priests
  7 naga warriors
  Harold (D:8)
  6 boulder beetles
  2 salamander tyrants (Snake:4)
  2 vault guards (D:14)
  4 ironbound frosthearts (IceCv)
  2 ogre magi
  9 alligators
  A catoblepas (D:15)
  2 spriggan air magi
  24 hydras
  5 centaur warriors
  A ghost crab (Swamp:2)
  11 two-headed ogres
  Erica (D:10)
  6 anacondas
  27 dancing weapons
  6 death yaks
  3 tengu warriors
  11 naga sharpshooters
  20 deep elf knights
  3 shock serpents
  3 orc high priests (Orc:2)
  2 spriggan berserkers (Swamp:3)
  Urug (Lair:3)
  A salamander mystic (Snake:4)
  A fire crab (Lair:6)
  4 goliath frogs
  11 deep elf archers
  13 swamp dragons
  2 bog bodies
  2 deep trolls (D:15)
  12 skeletal warriors
  5 spriggan druids
  4 naga ritualists
  An orange crystal statue (IceCv)
  6 orc knights
  29 deep elf zephyrmancers
  2 necromancers (D:15)
  5 mana vipers
  9 orc sorcerers
  20 ugly things
  30 deep elf pyromancers
  2 will-o-the-wisps
  12 cyclopes
  A guardian serpent (shapeshifter) (D:13)
  5 salamanders
  10 elephants
  Joseph (D:8)
  8 naga magi
  9 cane toads
  5 guardian serpents
  3 gargoyles (D:12)
  Maggie (D:7)
  24 black mambas
  3 molten gargoyles (Lair:6)
  3 torpor snails
  19 rime drakes
  A kobold demonologist (D:12)
  An unseen horror (D:12)
  9 komodo dragons
  4 tengu conjurers
  5 trolls
  A queen bee (shapeshifter) (Elf:2)
  A bloated husk (Swamp:3)
  A merfolk (shapeshifter) (Elf:3)
  14 polar bears
  5 slime creatures
  8 tyrant leeches
  7 hornets
  7 blink frogs
  8 dream sheep (Lair:6)
  A water elemental (Elf:2)
  8 spriggans
  10 wraiths
  2 shadows (D:12)
  2 air elementals (Elf:3)
  6 vampires
  12 humans
  6 wyverns
  5 fire elementals
  44 yaks
  A hog (Swamp:2)
  7 basilisks
  2 steam dragons
  6 vampire mosquitoes (Swamp:1)
  17 swamp worms
  8 wargs
  22 nagas
  5 acid dragons
  4 two-headed ogre zombies (WizLab)
  5 hell hounds
  7 water moccasins
  5 swamp drakes (Swamp:4)
  29 orc warriors
  3 black bears (D:11)
  2 necrophages
  12 ogres
  11 wolves
  11 centaurs
  2 kobold brigands
  2 wyvern zombies
  2 scorpions
  9 bullfrogs
  3 earth elementals
  4 gnoll sergeants
  8 troll zombies (WizLab)
  13 killer bees
  2 howler monkeys (D:8)
  9 wights
  4 electric eels
  5 lava snakes (Lair:6)
  A centaur zombie (D:9)
  A bullfrog zombie (D:6)
  2 hounds (D:5)
  3 jellies
  21 orc priests
  27 orc wizards
  3 iguanas
  4 hell rats (Lair:1)
  A killer bee zombie (D:7)
  A centaur simulacrum (D:9)
  6 ogre zombies (WizLab)
  2 howler monkey zombies
  8 mummies (Ossuary)
  Robin (D:2)
  12 gnolls
  4 adders
  3 shadow imps
  An ufetubus (D:6)
  A dart slug (D:1)
  69 orcs
  2 ball pythons (D:1)
  7 endoplasms
  2 giant cockroaches
  11 goblins
  13 hobgoblins
  2 quokkas
  5 bats
  2 frilled lizards
  3 gnoll zombies (Ossuary)
  A jackal skeleton (D:10)
  9 kobolds
  3 kobold zombies
  3 orc zombies (Ossuary)
  A quokka zombie (D:7)
  A rat (D:2)
  A rat zombie (D:7)
1115 creatures vanquished.

Vanquished Creatures (others)
  A deep elf knight (Elf:1)
  A deep elf zephyrmancer (Elf:2)
  A deep elf pyromancer (Elf:3)
  A shadow (D:13)
  A human (D:14)
  A swamp drake (Swamp:4)
  An adder (D:5)
  12 foxfires (Swamp:3)
  51 fungi
  76 plants
146 creatures vanquished.

Grand Total: 1261 creatures vanquished

Notes
Turn   | Place    | Note
-------+----------+-------------------------------------------
     0 | D:1      | jhs the Minotaur Fighter began the quest for the Orb.
     0 | D:1      | Reached XP level 1. HP: 19/19 MP: 0/0
   264 | D:1      | Reached XP level 2. HP: 27/27 MP: 1/1
   815 | D:2      | Found a faded altar of an unknown god.
   876 | D:2      | Reached XP level 3. HP: 32/34 MP: 2/2
   926 | D:2      | Noticed Robin
   965 | D:2      | Killed Robin
  1089 | D:2      | Reached XP level 4. HP: 41/41 MP: 3/3
  1376 | D:2      | Found a runed translucent door.
  1377 | D:2      | Noticed Crazy Yiuf
  1524 | D:2      | Reached skill level 5 in Fighting
  1737 | D:3      | Found a glowing golden altar of the Shining One.
  2662 | D:4      | Noticed a scorpion
  2666 | D:4      | Killed a scorpion
  2667 | D:4      | Reached XP level 5. HP: 49/49 MP: 4/4
  2951 | D:4      | Found Fairety's General Store.
  2994 | D:4      | Found a shimmering altar of Xom.
  3189 | D:4      | Noticed an ogre
  3270 | D:4      | Killed an ogre
  3271 | D:4      | Reached skill level 5 in Polearms
  3740 | D:5      | Entered Level 5 of the Dungeon
  3756 | D:5      | Reached XP level 6. HP: 47/58 MP: 3/5
  3883 | D:5      | Found a stormy altar of Qazlal.
  4022 | D:5      | Noticed a yak
  4022 | D:5      | Noticed a yak
  4023 | D:5      | Noticed a yak
  4065 | D:4      | Killed a yak
  4066 | D:4      | Reached XP level 7. HP: 49/66 MP: 3/6
  4144 | D:5      | Noticed a yak
  4144 | D:5      | Noticed a yak
  4145 | D:5      | Noticed a yak
  4152 | D:4      | Killed a yak
  4246 | D:4      | Killed a yak
  4256 | D:4      | Killed a yak
  4465 | D:4      | Killed a yak
  4466 | D:4      | Reached XP level 8. HP: 66/77 MP: 5/7
  5092 | D:5      | Found a staircase to the Ecumenical Temple.
  5098 | Temple   | Entered the Ecumenical Temple
  5168 | Temple   | Became a worshipper of Warmaster Okawaru
  5445 | D:6      | Identified the +0 pair of boots of the Amoeba {rF++ Int-4
                  | Dex+3}
  5493 | D:6      | Reached skill level 10 in Fighting
  5721 | D:6      | Found Peaniha's Antique Weapon Boutique.
  5729 | D:6      | Bought a transparent spear for 232 gold pieces
  5729 | D:6      | Identified the +2 spear "Bogouceth" {holy, rF- rN+ Str+3
                  | SInv} (You bought it in a shop on level 6 of the Dungeon)
  5943 | D:6      | Reached skill level 10 in Polearms
  6157 | D:7      | Found a sand-covered staircase.
  6167 | Ossuary  | Entered an ossuary
  6647 | D:7      | Reached * piety under Okawaru
  6648 | D:7      | Reached XP level 9. HP: 86/86 MP: 8/8
  6673 | D:7      | Found a white marble altar of Elyvilon.
  6721 | D:7      | Noticed Maggie
  6735 | D:7      | Killed Maggie
  7483 | D:8      | Noticed Harold
  7504 | D:8      | Killed Harold
  7812 | D:8      | Noticed a deep elf pyromancer
  7884 | D:8      | Noticed Joseph
  7899 | D:8      | Killed Joseph
  7899 | D:8      | Reached ** piety under Okawaru
  7900 | D:8      | Reached XP level 10. HP: 71/100 MP: 6/9
  8039 | D:8      | You fall into a shaft and drop 3 floors!
  8039 | D:11     | Noticed a purple ugly thing
  8066 | D:11     | Killed a purple ugly thing
  8251 | D:10     | Entered Level 10 of the Dungeon
  8449 | D:9      | Reached *** piety under Okawaru
  8463 | D:9      | Found a staircase to the Orcish Mines.
  8777 | D:9      | Reached **** piety under Okawaru
  8783 | D:9      | Reached skill level 15 in Fighting
  9127 | D:9      | Noticed an orc knight
  9996 | D:8      | Reached XP level 11. HP: 114/114 MP: 10/10
 10452 | D:9      | Killed an orc knight
 10453 | D:9      | Reached skill level 4 in Shields
 11246 | D:10     | Reached skill level 5 in Shields
 11257 | D:10     | Reached ***** piety under Okawaru
 11380 | D:10     | Found a runed translucent door.
 11388 | D:10     | Found a basalt altar of Yredelemnul.
 11413 | D:10     | Noticed a two-headed ogre
 11421 | D:10     | Killed a two-headed ogre
 11486 | D:10     | Noticed Erica
 11494 | D:10     | Killed Erica
 11495 | D:10     | Reached skill level 6 in Shields
 11568 | D:10     | Noticed Josephine
 11587 | D:10     | Killed Josephine
 11796 | D:10     | Found a snail-covered altar of Cheibriados.
 11796 | D:10     | Found a sparkling altar of Nemelex Xobeh.
 11858 | D:10     | Found a shimmering blue altar of Sif Muna.
 12130 | D:11     | Noticed a boulder beetle
 12136 | D:11     | Noticed Snorg
 12151 | D:10     | Killed a boulder beetle
 12151 | D:10     | Received a gift from Okawaru
 12152 | D:10     | Reached skill level 7 in Shields
 12440 | D:10     | Killed Snorg
 12971 | D:11     | Reached XP level 12. HP: 101/124 MP: 11/11
 13175 | D:11     | Reached skill level 8 in Shields
 13506 | D:11     | Found a staircase to the Lair.
 13602 | Lair:1   | Entered Level 1 of the Lair of Beasts
 14752 | Lair:2   | Identified the +6 scale mail of Lucidity {rElec rPois}
                  | (Okawaru gifted it to you on level 2 of the Lair of Beasts)
 14752 | Lair:2   | Received a gift from Okawaru
 15129 | Lair:2   | Reached skill level 9 in Shields
 15787 | Lair:2   | Found a staircase to the Snake Pit.
 15824 | Lair:2   | Reached skill level 10 in Shields
 16550 | Lair:3   | Noticed an eight-headed hydra
 16556 | Lair:3   | Killed an eight-headed hydra
 16766 | Lair:3   | Noticed an eight-headed hydra
 16774 | Lair:3   | HP: 4/127 [eight-headed hydra (9)]
 16871 | Lair:3   | Noticed Urug
 17207 | Lair:3   | Killed an eight-headed hydra
 17214 | Lair:3   | Killed Urug
 17215 | Lair:3   | Reached skill level 11 in Shields
 17481 | Lair:3   | Noticed an eight-headed hydra
 17487 | Lair:3   | Killed an eight-headed hydra
 17900 | Lair:3   | Noticed a death yak
 17909 | Lair:3   | Killed a death yak
 17910 | Lair:3   | Reached XP level 13. HP: 122/134 MP: 10/12
 18477 | Lair:4   | Received a gift from Okawaru
 18881 | Lair:4   | Reached skill level 12 in Shields
 19204 | Lair:4   | Found a staircase to the Swamp.
 20225 | Lair:5   | Reached skill level 13 in Shields
 20665 | Lair:5   | Received a gift from Okawaru
 21260 | Lair:6   | Entered Level 6 of the Lair of Beasts
 21350 | Lair:6   | Reached ****** piety under Okawaru
 21694 | Lair:6   | Noticed a fire dragon
 21697 | Lair:6   | Found a large runed translucent door.
 21772 | Lair:6   | Reached skill level 14 in Shields
 21878 | Lair:6   | Identified the +0 cloak of Okawaru's Castigation {Int+6
                  | Stlth+} (Okawaru gifted it to you on level 6 of the Lair of
                  | Beasts)
 21878 | Lair:6   | Received a gift from Okawaru
 22150 | Lair:6   | Found a large runed translucent door.
 22271 | Lair:6   | Reached XP level 14. HP: 142/147 MP: 13/13
 22983 | Orc:1    | Entered Level 1 of the Orcish Mines
 23844 | Orc:2    | Entered Level 2 of the Orcish Mines
 24284 | Orc:2    | Found Viotre's General Store.
 25077 | Orc:2    | Reached skill level 15 in Shields
 25266 | Orc:2    | Found a staircase to the Elven Halls.
 25342 | Orc:2    | Received a gift from Okawaru
 25373 | Orc:2    | Found Witetaptyff's Weapon Boutique.
 25573 | Orc:2    | Found Ypiap's Antique Weapon Shoppe.
 25573 | Orc:2    | Found Feuha's Armour Shoppe.
 25835 | Orc:2    | Found Hecvoate's Armour Shoppe.
 25838 | Orc:2    | Bought a +2 pair of boots of flying for 344 gold pieces
 26354 | D:12     | Found a large runed translucent door.
 26355 | D:12     | Found a large runed translucent door.
 26356 | D:12     | Found a large runed translucent door.
 26356 | D:12     | Found a large runed translucent door.
 26356 | D:12     | Noticed a fire giant
 26357 | D:12     | Noticed a sphinx
 26360 | D:12     | Found a large runed translucent door.
 26360 | D:12     | Found a large runed translucent door.
 26363 | D:12     | Found a large runed translucent door.
 26363 | D:12     | Found a large runed translucent door.
 26700 | D:12     | Found Reufebuw's Jewellery Shoppe.
 27657 | D:13     | Reached skill level 16 in Shields
 27752 | D:13     | Reached XP level 15. HP: 145/158 MP: 14/14
 27758 | D:13     | Found a runed translucent door.
 27767 | D:13     | Noticed Afosmoedd's ghost (journeyman DrCj)
 27779 | D:13     | Killed Afosmoedd's ghost
 28005 | D:13     | Found Xoyve's Assorted Antiques.
 28009 | D:13     | Bought 3 scrolls labelled OHYRA VAIHICE for 75 gold pieces
 28157 | D:13     | Found Kyuffozo's Antique Weapon Shop.
 28382 | D:13     | Found Onahis's Jewellery Shop.
 28435 | D:13     | Received a gift from Okawaru
 28820 | D:13     | Received a gift from Okawaru
 29376 | D:14     | Reached skill level 17 in Shields
 29402 | D:14     | Found an opulent altar of Gozag.
 29535 | D:14     | Identified the +3 hand crossbow "Viaz" {elec, Int+3 Stlth+}
 29755 | D:14     | Found a gate to the Vaults.
 29874 | D:15     | Entered Level 15 of the Dungeon
 29888 | D:15     | Received a gift from Okawaru
 29888 | D:15     | Found the +8 trident of the Octopus King {venom, rElec
                  | rPois Will+}
 30317 | D:15     | Noticed Louise
 30319 | D:15     | Noticed Rupert
 30337 | D:15     | Killed Louise
 30343 | D:15     | Killed Rupert
 30354 | D:15     | Noticed Nessos
 30373 | D:15     | Killed Nessos
 30682 | D:15     | Reached skill level 18 in Shields
 30796 | D:15     | Noticed Jorgrun
 30808 | D:15     | Killed Jorgrun
 30829 | D:15     | Found a glowing golden altar of the Shining One.
 30882 | D:15     | Found a staircase to the Depths.
 30998 | D:15     | Noticed Azrael
 31002 | D:15     | Received a gift from Okawaru
 31010 | D:15     | Killed Azrael
 31011 | D:15     | Reached XP level 16. HP: 159/171 MP: 13/15
 31543 | Swamp:1  | Entered Level 1 of the Swamp
 31579 | Swamp:1  | Identified a scroll of acquirement
 31580 | Swamp:1  | Acquired 508 gold pieces
 31726 | Swamp:1  | Identified the +2 hat of Ryqawnoi {Harm Int+4} (Okawaru
                  | gifted it to you on level 1 of the Swamp)
 31726 | Swamp:1  | Received a gift from Okawaru
 32841 | Swamp:2  | Identified the +0 plate armour of Xemum {rElec rPois rN++
                  | Str-3}
 32856 | Swamp:2  | Acquired 1020 gold pieces
 33308 | Swamp:2  | Noticed Mlioglotl
 33320 | Swamp:2  | Killed Mlioglotl
 33419 | Swamp:2  | Reached skill level 5 in Armour
 33631 | Swamp:2  | Reached skill level 19 in Shields
 33632 | Swamp:2  | Noticed Kirke
 33645 | Swamp:2  | Noticed a sphinx
 33646 | Swamp:2  | Killed Kirke
 35033 | Swamp:3  | Received a gift from Okawaru
 35515 | Swamp:4  | Entered Level 4 of the Swamp
 35548 | Swamp:4  | Found a transporter.
 35550 | Swamp:4  | Noticed Iruic's ghost (adept OgFi)
 35575 | Swamp:4  | Found a transporter.
 35935 | Swamp:4  | Noticed Mara
 35954 | Swamp:4  | Noticed jhs's illusion
 35972 | Swamp:4  | Killed Mara
 36115 | Swamp:4  | Received a gift from Okawaru
 36150 | Swamp:4  | Noticed a tentacled monstrosity
 36708 | Swamp:4  | Killed a tentacled monstrosity
 36716 | Swamp:4  | Reached XP level 17. HP: 158/180 MP: 14/16
 36722 | Swamp:4  | Reached skill level 20 in Shields
 36969 | Swamp:4  | Noticed the 27-headed Lernaean hydra
 37345 | Swamp:4  | Killed the 27-headed Lernaean hydra
 37346 | Swamp:4  | Reached skill level 10 in Armour
 37352 | Swamp:4  | Received a gift from Okawaru
 38087 | Swamp:4  | Got a decaying rune of Zot
 38255 | Snake:1  | Entered Level 1 of the Snake Pit
 38297 | Snake:1  | Acquired 744 gold pieces
 38406 | Snake:1  | Found Coully Agroa's Antique Weapon Shop.
 38408 | Snake:1  | Noticed Aizul
 38423 | Snake:1  | Killed Aizul
 38663 | Snake:1  | Noticed Asterion
 38678 | Snake:1  | Killed Asterion
 39268 | Snake:2  | Received a gift from Okawaru
 39345 | Snake:2  | Reached skill level 21 in Shields
 40960 | Snake:3  | Found Zesop's Antique Weapon Emporium.
 40963 | Snake:3  | Found Utofyvim's Magic Scroll Emporium.
 40963 | Snake:3  | Found Loaxu's Distillery.
 40968 | Snake:3  | Found Yciosuf's Magic Scroll Shoppe.
 41003 | Snake:3  | Found a frozen archway.
 41007 | IceCv    | Entered an ice cave
 41385 | IceCv    | Identified the +2 helmet of the Beginning {Will+}
 42037 | IceCv    | Identified the +9 ice dragon scales of Evocena {rPois rF-
                  | rC++}
 42065 | IceCv    | Noticed a shard shrike
 42074 | IceCv    | Reached XP level 18. HP: 188/188 MP: 17/17
 42091 | IceCv    | Killed a shard shrike
 42774 | Snake:3  | Found Saiplogh's General Store.
 42816 | Snake:3  | Received a gift from Okawaru
 43315 | Snake:4  | Entered Level 4 of the Snake Pit
 44059 | Snake:4  | Reached skill level 22 in Shields
 45307 | Snake:4  | Identified the +5 ring mail "Kilastin" {Harm Rampage rC+++
                  | Dex-2}
 45407 | Snake:4  | Received a gift from Okawaru
 45677 | Snake:4  | Reached skill level 15 in Armour
 46377 | Snake:4  | Received a gift from Okawaru
 46540 | Snake:4  | Got a serpentine rune of Zot
 46907 | Elf:1    | Entered Level 1 of the Elven Halls
 47966 | Elf:1    | Identified the +3 chain mail "Rodizu" {rN+}
 48250 | Elf:1    | Reached skill level 23 in Shields
 48347 | Elf:1    | Noticed Agnes
 48359 | Elf:1    | Killed Agnes
 48774 | Elf:2    | Reached XP level 19. HP: 137/195 MP: 13/18
 48857 | Elf:2    | Found a magical portal.
 48866 | WizLab   | Entered Zonguldrok's Shrine
 49298 | WizLab   | Noticed an antique lich
 49311 | WizLab   | Killed an antique lich
 49311 | WizLab   | Identified the +8 trident of Fury {vorpal, *Noise rF- rC++
                  | Will+++} (Okawaru gifted it to you in a wizard's
                  | laboratory)
 49311 | WizLab   | Received a gift from Okawaru
 49618 | WizLab   | Found the +9 sword of Zonguldrok {reap}
 50573 | Elf:2    | Found a runed translucent door.
 50605 | Elf:2    | Found a runed translucent door.
 51027 | Elf:2    | Identified the +7 demon trident of Huucuos {flame, +Blink
                  | Will+ rCorr} (Okawaru gifted it to you on level 2 of the
                  | Elven Halls)
 51027 | Elf:2    | Received a gift from Okawaru
 51834 | Elf:3    | Entered Level 3 of the Elven Halls
 51856 | Elf:3    | Paralysed by an air elemental for 1 turns
 51864 | Elf:3    | Reached skill level 24 in Shields
 52493 | Elf:3    | Identified the ring of the Peasants {Will+ SInv}
 52589 | Elf:3    | Found Sigirok's Gadget Gallery.
 52689 | Elf:3    | Found an ancient bone altar of Kikubaaqudgha.
 52725 | Elf:3    | Paralysed by an air elemental for 1 turns
 52903 | Elf:3    | Received a gift from Okawaru
 53509 | Elf:3    | Reached XP level 20. HP: 89/204 MP: 11/19
 53540 | Elf:3    | Received a gift from Okawaru
 54342 | Elf:3    | Identified the +2 dagger of Compulsion {speed, +Rage rN+}
 54369 | Elf:3    | Killed from afar by a deep elf annihilator

Illustrated notes

Levels and vault maps discovered:
D:1:      dpeg_arrival_triangle_fractal, layout_loops_cross
D:2:      layout_basic, hellmonk_ecumenical_altar_lost_god,
          uniq_crazy_yiuf_cottage, uniq_robin
D:3:      layout_loops_ring, amcnicky_altar_gilded
D:4:      layout_basic, nicolae_overflow_crystal_walls, nicolae_take_the_stairs
D:5:      wander_river, layout_basic, nicolae_qazlal_scattered_showers,
          minmay_temple_entry_fiery
D:6:      layout_basic, serial_shops, shop, grunt_decor_resistance
D:7:      layout_basic, elyvilon_altar_3, enter_ossuary_4, uniq_maggie
D:8:      layout_basic, minmay_holes, uniq_joseph, uniq_harold
D:9:      nzn_winding_woodlands_small [nzn_winding_woodlands_5x15_concentric,
          nzn_winding_woodlands_center_diamonds,
          nzn_winding_woodlands_5x15_river_crossing], layout_small_grid,
          david_orc_3, wad_floor_pattern_untrapped, minmay_starry_boxes
D:10:     layout_basic, dk_yredelemnul_ordeal, mainiacjoe_overflow_paths,
          gammafunk_temple_overflow_elements, uniq_erica, uniq_josephine
D:11:     layout_rooms, grunt_lair_entry_orc_guard_hut, uniq_snorg
D:12:     minmay_five_octagons, layout_irregular_city, serial_shops,
          nicolae_shop_stone, serial_bayou_pond_e
D:13:     layout_loops_corners, ebering_ghost_reflecting_pool, serial_shops,
          shop, kennysheep_little_box, shop, minmay_diced_spiral
D:14:     layout_rooms, ximxim_vaults_locker_room, serial_glass,
          glass_columns_b, glass_columns_a, grunt_gozag_breadcrumbs
D:15:     hangedman_depths_entry_civil_slaughter, layout_irregular_city,
          kennysheep_pointless_box, nicolae_tso_carved_into_rock, uniq_rupert,
          uniq_azrael, uniq_jorgrun, uniq_nessos, uniq_louise
Temple:   eino_temple_water
Lair:1:   layout_chaotic_city, serial_bayou_shore_b, lemuel_fruit_fields
Lair:2:   layout_roguey, minmay_snake_entry_guardpost_medium,
          serial_bayou_lagoon_b, grunt_megastairs_4, serial_bayou_shore_a,
          serial_bayou_shore_b, serial_bayou_shore_b
Lair:3:   layout_roguey, wad_woods_road_05, uniq_urug
Lair:4:   layout_regular_city, minmay_swamp_entry_reptiles, st_stairs_4
Lair:5:   layout_cave_pods, st_stairs_9
Lair:6:   cheibrodos_lair_end_hotspot, layout_small_grid,
          minmay_slime_entry_pillars, chequers_serial_rivers_small_a
Swamp:1:  layout_basic_swamp, evilmike_swamp_ruin_house_4,
          infiniplex_staircase_pool
Swamp:2:  layout_basic_swamp, evilmike_swamp_ruin_rubble_2,
          nicolae_swamp_dense_foliage, infiniplex_staircase_pool_2,
          uniq_mlioglotl, uniq_kirke
Swamp:3:  layout_basic_swamp, evilmike_swamp_ruin_rubble_1
Swamp:4:  swamp_old_school, layout_basic_swamp,
          gammafunk_ghost_berserking_beasts, uniq_mara
Snake:1:  layout_misc_corridors, serial_shops,
          nicolae_shop_temple_entry_statues_fountains,
          hangedman_snake_thin_pillar_pass, uniq_asterion, uniq_aizul
Snake:2:  layout_chambers
Snake:3:  layout_grid_maze, serial_shops, shop,
          portal_ice_cave_entry_pillars_three, minmay_shoptagon
Snake:4:  grunt_snake_rune_spirals, layout_onion_interference
Orc:1:    layout_diamond_mine, lightli_church_of_beogh
Orc:2:    st_orc_elflike, layout_diamond_mine, serial_shops,
          nicolae_shop_behind_doors, mines5_lemuel
Elf:1:    elf_arrival_002, layout_loops_cross, hangedman_elf_represent,
          uniq_agnes
Elf:2:    elven_hall_of_blades_hangedman_original
          [nicolae_blade_entry_splitting_headache], layout_loops_corners,
          mu_enter_wizlab_3, nicolae_elf_crossing_hall
Elf:3:    minmay_elf_hall_curves, layout_loops_corners, basic_altar,
          nicolae_shop_gadgets

Skill      XL: |  1  2  3  4  5  6  7  8  9 10 11 12 13 14 15 16 17 18 19 20 |
---------------+-------------------------------------------------------------+-----
Fighting       | 4 5 6 7 8 10 12 15 16 18 19 21 22 23 | 23.2
Polearms       | 3 4 5 6 8 10 12 13 14 | 14.0
Shields        | 7 11 14 16 18 19 21 23 24 | 24.7
Armour         | 9 13 16 18 19 | 19.0

Action                   |  1- 3 |  4- 6 |  7- 9 | 10-12 | 13-15 | 16-18 | 19-21 || total
-------------------------+-------+-------+-------+-------+-------+-------+-------++-------
Melee: Trident           |    88 |    61 |    79 |   421 |    64 |       |   526 ||  1239
       Headbutt          |    13 |     9 |    48 |   176 |   241 |   318 |   174 ||   979
       Spear             |       |       |   103 |   199 |       |       |       ||   302
       Demon trident     |       |       |       |       |   918 |  1294 |   174 ||  2386
Throw: Dart              |     1 |     2 |     3 |     5 |       |     5 |       ||    16
       Throwing net      |       |       |       |       |       |     2 |       ||     2
Invok: Heroism           |       |       |     2 |     7 |     5 |     7 |     6 ||    27
Evoke: Wand              |       |       |       |       |     2 |       |     2 ||     4
  Use: Scroll            |       |     9 |     8 |    10 |     8 |    19 |     1 ||    55
       Potion            |       |       |     1 |     2 |     1 |     2 |     3 ||     9
 Stab: Confused          |       |       |       |       |       |     1 |       ||     1
Armor: Scale mail        |    26 |    13 |    27 |   211 |   237 |   452 |       ||   966
       Chain mail        |       |       |    17 |       |       |       |       ||    17
       Plate armour      |       |       |       |       |       |    53 |   150 ||   203
Dodge: Dodged            |    24 |    18 |    42 |   157 |   164 |   253 |    51 ||   709
Block: Kite shield       |    33 |    17 |    53 |   273 |   236 |       |       ||   612
       Tower shield      |       |       |       |       |   396 |  1511 |   561 ||  2468

Table legend: (Time is in decaauts)
 A = Elapsed time spent in this place.
 B = Non-inter-level travel time spent in this place.
 C = Inter-level travel time spent in this place.
 D = Time resting spent in this place.
 E = Time spent auto-exploring this place.
 F = Levels seen in this place.
 G = Mean time per level.
                   A        B        C        D        E       F      G
               +--------+--------+--------+--------+--------+-----+--------+
         Total |  53786 |  51546 |   2240 |  21002 |  15733 |  38 | 1415.4 |
       Dungeon |  18821 |  17831 |    990 |   6103 |   6643 |  15 | 1254.7 |
        Temple |     89 |     50 |     39 |      0 |     41 |   1 |   89.0 |
          Lair |   9326 |   8752 |    574 |   3321 |   3248 |   6 | 1554.3 |
         Swamp |   6835 |   6670 |    165 |   3204 |   1936 |   4 | 1708.8 |
     Snake Pit |   6926 |   6722 |    204 |   2829 |   1875 |   4 | 1731.5 |
  Orcish Mines |   3220 |   3035 |    185 |   1592 |    863 |   2 | 1610.0 |
   Elven Halls |   6075 |   5994 |     81 |   2613 |   1002 |   3 | 2025.0 |
       Ossuary |    320 |    320 |      0 |    112 |      0 |   1 |  320.0 |
      Ice Cave |   1349 |   1349 |      0 |    777 |     74 |   1 | 1349.0 |
        Wizlab |    820 |    820 |      0 |    448 |     50 |   1 |  820.0 |
               +--------+--------+--------+--------+--------+-----+--------+

Top non-repeatable levels by time:
 Snake:4: 2631 daAuts
   Elf:2: 2468 daAuts
   Elf:3: 2082 daAuts
 Swamp:3: 2060 daAuts
  Lair:2: 1974 daAuts
     D:4: 1948 daAuts
     D:9: 1896 daAuts
 Swamp:4: 1875 daAuts
  Lair:4: 1781 daAuts
 Snake:2: 1682 daAuts
    D:10: 1680 daAuts
 Snake:3: 1646 daAuts
   Orc:1: 1626 daAuts
  Lair:3: 1608 daAuts
 Swamp:2: 1600 daAuts
